Map: Beckett Industries LE

Players

Player 2

  • Race: Zerg Zerg

Ionized - Winner!

  • Race: Terran Terran

VOD

Have the link to the VOD?

Description

Time

  • Played on: Feb. 5, 2022, 11:03 p.m.
  • Length: 13:24
Show
View Real Time Build Order
Export as new Build Order

Player 2 Zerg 

Build Orders: Pool First 

Get SALT Encoding   

  12  0:00  Drone  
  13  0:12  Overlord  
  13  0:17  Drone  
  14  0:30  Drone x2  
  14  0:34  Drone  
  17  0:47  Spawning Pool  
  17  0:49  Drone  
  17  1:12  Hatchery  
  17  1:15  Drone  
  17  1:19  Extractor  
  17  1:21  Drone  
  17  1:25  Extractor  
  16  1:27  Drone  
  16  1:31  Drone  
  18  1:38  Drone  
  19  1:48  Overlord  
  19  1:56  Queen  
  21  2:02  Zergling x2  
  22  2:10  Drone  
  23  2:24  Queen  
  25  2:31  Drone  
  25  2:36  Drone  
  27  2:41  Drone  
  28  2:44  Drone  
  29  2:58  Roach Warren  
  29  3:00  Drone  
  29  3:03  Drone  
  30  3:07  Zergling x2  
  30  3:10  Zergling x2  
  32  3:15  Overlord  
  32  3:19  Drone  
  33  3:21  Drone  
  34  3:38  Roach x2  
  34  3:40  Roach x2  
  42  3:46  Lair  
  42  3:51  Overlord  
  42  3:55  Overlord  
  42  3:59  Zergling x2  
  42  4:02  Zergling x2  
  44  4:09  Drone x2, Zergling x2  
  47  4:11  Drone  
  47  4:14  Drone  
  47  4:16  Drone  
  50  4:20  Roach  
  52  4:24  Roach  
  52  4:28  Overlord  
  54  4:36  Drone  
  56  4:38  Drone  
  56  4:40  Drone  
  56  4:42  Drone  
  56  4:45  Infestation Pit, Drone  
  58  4:48  Overlord  
  58  4:52  Overlord  
  58  4:56  Roach  
  58  4:58  Roach  
  62  5:03  Hydralisk Den  
  61  5:07  Drone  
  61  5:10  Drone  
  61  5:11  Drone  
  61  5:13  Drone  
  65  5:15  Drone  
  65  5:17  Drone  
  65  5:19  Drone  
  65  5:21  Drone  
  69  5:23  Drone  
  69  5:24  Drone  
  69  5:27  Drone  
  69  5:28  Drone  
  73  5:31  Overlord  
  73  5:33  Drone  
  74  5:36  Hydralisk  
  74  5:37  Infestor  
  74  5:39  Hydralisk  
  74  5:42  Roach  
  82  5:44  Roach  
  82  5:49  Baneling Nest  
  83  5:51  Overlord  
  83  5:54  Drone  
  83  5:55  Infestor  
  83  5:56  Ravager x2  
  88  5:59  Roach  
  88  6:01  Roach  
  91  6:04  Hydralisk  
  91  6:06  Hydralisk  
  91  6:10  Roach, Overlord  
  92  6:13  Roach  
  92  6:14  Zergling x2  
  92  6:16  Roach  
  90  6:21  Roach  
  92  6:26  Extractor  
  92  6:29  Extractor  
  90  6:35  Evolution Chamber, Baneling, Zergling x2  
  90  6:37  Drone  
  90  6:38  Baneling  
  90  6:39  Baneling, Zergling x2  
  92  6:40  Zergling x2  
  92  6:41  Zergling x2  
  92  6:42  Zergling x2  
  94  6:49  Evolution Chamber, Overlord, Drone x3  
  94  6:51  Infestor, Drone  
  94  6:52  Drone  
  100  6:58  Drone  
  100  6:59  Baneling x2  
  100  7:00  Zergling x2  
  102  7:12  Spine Crawler, Drone  
  102  7:15  Overlord, Infestor  
  104  7:17  Roach, Spine Crawler, Drone  
  104  7:20  Roach, Overseer  
  104  7:22  Roach  
  110  7:31  Zerg Missile Weapons Level 1  
  110  7:33  Overlord  
  110  7:35  Hatchery  
  109  7:45  Zerg Ground Armor Level 1  
  109  7:49  Hydralisk  
  111  7:53  Hydralisk  
  111  7:55  Spore Crawler  
  111  7:57  Spore Crawler  
  111  8:09  Lurker Den  
  111  8:10  Drone  
  111  8:24  Ravager, Spine Crawler  
  111  8:25  Drone  
  111  8:26  Roach  
  114  8:33  Ravager  
  115  8:35  Roach, Overlord  
  115  8:38  Roach  
  115  8:41  Roach  
  121  8:46  Queen  
  121  8:47  Drone x2  
  121  8:48  Drone x4  
  128  8:49  Drone x5  
  128  8:50  Drone x2  
  128  8:53  Overlord, Drone x2  
  128  8:54  Drone  
  139  8:56  Extractor  
  139  8:57  Drone  
  139  9:02  Drone  
  140  9:03  Drone  
  140  9:08  Lurker, Drone  
  143  9:11  Lurker  
  143  9:13  Overlord  
  143  9:14  Extractor, Drone  
  144  9:19  Drone  
  144  9:20  Hydralisk, Drone  
  144  9:24  Hive  
  148  9:31  Overlord, Hydralisk  
  148  9:36  Drone x2  
  152  9:41  Zerg Missile Weapons Level 2  
  152  9:50  Overlord, Spine Crawler  
  152  9:51  Drone  
  152  9:55  Zerg Ground Armor Level 2  
  152  10:03  Queen  
  152  10:05  Pathogen Glands  
  154  10:09  Overlord  
  154  10:11  Hatchery  
  153  10:23  Spine Crawler  
  153  10:25  Spore Crawler  
  153  10:26  Drone  
  153  10:28  Zergling x2  
  153  10:30  Evolution Chamber  
  153  10:31  Drone  
  153  10:37  Viper  
  153  10:39  Spire  
  153  10:40  Baneling, Zergling x6  
  153  10:41  Zergling x4  
  158  10:44  Roach  
  158  10:45  Roach  
  158  10:47  Queen  
  158  10:48  Hydralisk  
  155  10:51  Drone  
  155  10:52  Overlord, Hydralisk  
  155  10:53  Drone x2  
  155  10:54  Baneling, Drone  
  155  10:55  Drone x2, Baneling, Zergling x2  
  155  10:56  Zerg Melee Weapons Level 1, Drone  
  154  10:57  Drone  
  154  11:00  Baneling x2, Drone  
  154  11:01  Baneling  
  154  11:02  Drone  
  105  11:04  Drone  
  105  11:09  Roach  
  75  11:12  Roach  
  75  11:15  Roach  
  72  11:18  Roach  
  72  11:20  Drone  
  72  11:22  Zergling x2  
  72  11:24  Zergling x2  
  68  11:27  Roach  
  68  11:31  Roach  
  72  11:36  Hydralisk  
  72  11:38  Drone  
  72  11:39  Drone  
  76  11:41  Drone  
  76  11:43  Drone  
  76  11:44  Drone  
  76  11:46  Drone  
  73  11:48  Zergling x2  
  73  11:49  Zergling x2  
  73  11:52  Roach  
  73  11:53  Mutalisk  
  70  11:55  Roach  
  70  11:56  Roach x2, Hydralisk  
  70  12:06  Hydralisk  
  70  12:07  Roach x2  
  56  12:26  Hatchery  
Show
View Real Time Build Order
Export as new Build Order

Ionized Terran - Winner!

Build Orders:  

Get SALT Encoding   

  12  0:00  SCV  
  13  0:12  SCV  
  14  0:17  Supply Depot  
  14  0:24  SCV  
  15  0:38  SCV  
  15  0:40  Barracks  
  16  0:47  Refinery  
  16  0:50  SCV  
  17  1:03  SCV  
  18  1:15  SCV  
  19  1:27  Orbital Command  
  19  1:37  Barracks Reactor  
  19  1:40  Command Center  
  19  1:53  SCV  
  20  2:05  SCV  
  20  2:08  Supply Depot  
  21  2:13  Marine x2  
  23  2:29  SCV  
  24  2:30  Barracks  
  24  2:31  Barracks  
  24  2:36  Marine  
  24  2:37  Marine  
  25  2:41  SCV  
  27  2:47  Factory  
  27  2:54  Orbital Command, SCV, Refinery  
  27  2:57  Marine x2  
  30  3:06  SCV  
  31  3:16  Marine x2  
  31  3:18  SCV  
  31  3:19  Barracks Tech Lab x2  
  34  3:24  Supply Depot  
  34  3:30  SCV x2  
  36  3:37  Starport  
  36  3:40  Factory Reactor  
  36  3:42  SCV  
  36  3:46  Combat Shield  
  37  3:54  Marine  
  37  3:55  Marine  
  39  4:03  SCV x2  
  39  4:08  Stimpack  
  41  4:15  SCV  
  42  4:27  Factory Tech Lab  
  42  4:30  Medivac  
  44  4:34  SCV x2  
  46  4:41  Supply Depot x2  
  46  4:42  Marine x2  
  46  4:43  Marine x2  
  50  4:46  SCV x2  
  52  4:55  Medivac  
  54  5:02  Marine x4  
  54  5:03  SCV  
  54  5:04  Supply Depot  
  59  5:07  Supply Depot  
  59  5:15  Refinery x2  
  59  5:19  SCV  
  59  5:20  SCV  
  61  5:22  Marine x4  
  61  5:24  Medivac  
  61  5:27  Supply Depot  
  67  5:32  SCV x2  
  69  5:40  Marine  
  69  5:41  Marine x3  
  73  5:43  Siege Tank  
  73  5:44  Medivac  
  73  5:48  SCV x2  
  80  6:00  SCV x2  
  71  6:11  Marine x2  
  71  6:12  Marauder  
  71  6:13  Marauder  
  71  6:15  Medivac  
  73  6:21  Siege Tank  
  73  6:39  SCV x2  
  75  6:53  Barracks  
  75  6:56  Barracks  
  75  6:58  Marine  
  75  6:59  Marine x3  
  75  7:01  Siege Tank  
  82  7:02  Medivac x2  
  86  7:14  Supply Depot  
  86  7:19  Supply Depot  
  86  7:21  Marine x2  
  86  7:22  Marauder  
  90  7:31  Marine  
  90  7:32  Medivac  
  90  7:36  Medivac  
  95  7:46  Marine  
  95  7:47  Marine x2  
  99  7:53  Barracks Reactor x2  
  98  7:59  Engineering Bay  
  98  8:00  Engineering Bay  
  98  8:01  Supply Depot x2  
  98  8:06  Supply Depot  
  98  8:10  Marine  
  98  8:11  Marine x2, Marauder  
  103  8:14  Siege Tank  
  103  8:15  Medivac x2  
  110  8:26  Terran Infantry Weapons Level 1  
  110  8:28  Marine  
  110  8:29  Terran Infantry Armor Level 1  
  111  8:44  Command Center  
  111  8:46  Command Center  
  111  9:01  Marine  
  111  9:02  Marine x5  
  116  9:03  Marauder  
  116  9:04  Marauder  
  116  9:07  Siege Tank  
  124  9:10  Medivac  
  124  9:11  Medivac  
  128  9:20  Armory  
  128  9:25  Supply Depot, Marauder  
  128  9:27  Marine x4, Supply Depot  
  128  9:28  Supply Depot  
  134  9:39  Supply Depot  
  134  9:40  Supply Depot  
  134  9:41  Supply Depot  
  134  9:46  Marine x3, Medivac, Siege Tank, Supply Depot  
  134  9:48  Medivac  
  144  10:04  Orbital Command  
  144  10:05  Orbital Command  
  144  10:23  Terran Infantry Weapons Level 2  
  144  10:24  Terran Infantry Armor Level 2  
  144  10:27  Terran Vehicle Weapons Level 1  
  144  10:31  Medivac x2  
  144  10:34  Siege Tank  
  151  10:37  Marine x3  
  151  10:38  Marine x3  
  151  10:39  Marine  
  151  10:40  Marine  
  145  11:10  Marine x3  
  130  11:11  Marauder x2  
  130  11:12  Marine x3  
  130  11:16  Orbital Command  
  130  11:17  Siege Tank, Medivac x2  
  142  11:24  Orbital Command  
  137  11:28  Marine x3  
  137  11:29  Marine  
  137  11:30  Marine x2  
  145  11:33  Marauder x2  
  145  11:35  Barracks  
  145  11:36  Barracks  
  145  11:37  Barracks  
  147  11:48  Refinery  
  147  11:53  Refinery  
  147  11:58  Refinery  
  147  12:08  Marine x2  
  147  12:09  Marine x6  
  147  12:14  Siege Tank  
  147  12:15  Medivac x2  
  158  12:26  Marine x4  
  158  12:27  Marine x4  
  165  12:45  Medivac  
Tags
 
Add a new tag
Caveats
  • Supply blocks, unpowered buildings, or Contaminate may cause inaccurate times.
  • Supply counts are checked every 10 seconds.